 Dungeon Crawl Stone Soup version 0.31-a0-188-g5e087ee2ca (webtiles) character file.

Game seed: 12020218378473088742

147 qw the Skirmisher (level 5, -7/29 HPs)
             Began as a Deep Elf Hunter on June 23, 2023.
             Mangled by an orc priest
             ... wielding a +0 war axe
              (10 damage)
             ... on level 3 of the Dungeon.
             The game lasted 00:00:44 (2129 turns).

qw the Skirmisher (Deep Elf Hunter)                 Turns: 2129, Time: 00:00:45

Health: -7/29      AC:  7    Str: 10    XL:     5   Next: 7%
Magic:  7/7        EV: 11    Int: 14    God:
Gold:   109        SH:  0    Dex: 18    Spells: 4/4 levels left

rFire   . . .        Y - +0 shortbow
rCold   . . .        (shield currently unavailable)
rNeg    . . .        b - +2 ring mail
rPois   .            (no helmet)
rElec   .            (no cloak)
rCorr   .            (no gloves)
SInv    .            (no boots)
Will    .....        (no amulet)
Stlth   +            (no ring)
HPRegen 0.24/turn    (no ring)
MPRegen 0.10/turn

%: no passive effects
@: no status effects
A: no striking features
a: no special abilities


You were on level 3 of the Dungeon.
You visited 1 branch of the dungeon, and saw 3 of its levels.

You collected 109 gold pieces.


   Skills:
 - Level 1.5 Fighting
 + Level 8.5 Ranged Weapons
 - Level 2.4 Dodging
 - Level 1.2 Stealth


You had 4 spell levels left.
You didn't know any spells.
Your spell library was empty.

Inventory:

Hand Weapons
 Y - a +0 shortbow (weapon)
Armour
 b - a +2 ring mail (worn)
Scrolls
 e - 2 scrolls of identify
Potions
 a - a potion of enlightenment {unknown}
 c - a potion of cancellation {unknown}
 d - a potion of degeneration {unknown}

Dungeon Overview and Level Annotations

Branches:
Dungeon (3/15)

Altars:


Message History

You shoot an arrow. The arrow barely misses the orc.
The arrow closely misses the orc priest.
The orc hits you but does no damage. x2
You shoot an arrow. The arrow hits the orc!
You kill the orc!
You shoot an arrow.
The arrow hits the orc priest but does no damage.
The orc priest closely misses you.
You shoot an arrow.
The arrow hits the orc priest but does no damage.
The orc priest hits you with a +0 war axe.
You shoot an arrow. The arrow hits the orc priest.
The orc priest is lightly wounded.
The orc priest hits you with a +0 war axe.
You shoot an arrow.
The arrow closely misses the orc priest.
The orc priest hits you with a +0 war axe.
You shoot an arrow. The arrow hits the orc priest.
The orc priest is moderately wounded.
The orc priest barely misses you.
You shoot an arrow.
The arrow hits the orc priest but does no damage.
The orc priest is moderately wounded.
The orc priest hits you but does no damage.
You shoot an arrow.
The arrow hits the orc priest but does no damage.
The orc priest is moderately wounded.
The orc priest mumbles some strange prayers to Beogh against you.
You struggle to resist.
You shoot an arrow.
The arrow hits the orc priest but does no damage.
The orc priest is moderately wounded.
The orc priest mumbles some strange prayers to Beogh against you.
Beogh smites you!
The orc priest hits you with a +0 war axe.
You shoot an arrow.
The arrow hits the orc priest but does no damage.
The orc priest is moderately wounded.
The orc priest hits you with a +0 war axe!
You die...

#####.#
#.....#############
#.###.#............
#.#.............###
#.#.#.#.###.....)..
##.#.#.#.# #.###.###
#....#.#.# #.# #.#
###.######.#.###.###.###
..$..)o@................
....#.######.###.###....
# .. ###.###'###.... #.
. #.........#.... #
..###.........#####
..............'...#
#.............###+#
...................
.......)######.....


You could see an orc priest.

Vanquished Creatures
  An orc priest (D:3)
  Jessica (D:3)
  An orc wizard (D:3)
  An adder (D:3)
  A worm (D:2)
  A dart slug (D:2)
  3 orcs (D:3)
  4 endoplasms
  2 giant cockroaches (D:1)
  6 goblins
  3 hobgoblins
  3 jackals (D:2)
  4 kobolds
  2 quokkas (D:1)
  7 ball pythons
  2 bats (D:2)
  A frilled lizard (D:3)
  5 rats
48 creatures vanquished.

Notes
Turn   | Place    | Note
-------+----------+-------------------------------------------
     0 | D:1      | qw the Deep Elf Hunter began the quest for the Orb.
     0 | D:1      | Reached XP level 1. HP: 12/12 MP: 3/3
     0 | D:1      | 0 ||| qw: Version: 0.3-a-9-g12657ce
     0 | D:1      | 0 ||| qw: Game counter: 3680
     0 | D:1      | 0 ||| qw: Always use a shield: true
     0 | D:1      | 0 ||| qw: God list: Okawaru
     0 | D:1      | 0 ||| qw: Allow faded altars: false
     0 | D:1      | 0 ||| qw: Do Orc after D:15 true
     0 | D:1      | 0 ||| qw: Do second Lair branch before Depths: true
     0 | D:1      | 0 ||| qw: Lair rune preference: random
     0 | D:1      | 0 ||| qw: Plans: Normal
     0 | D:1      | 0 ||| PLANNING D:1-11
   154 | D:1      | You fall into a shaft and drop 1 floor!
   216 | D:2      | Reached skill level 6 in Ranged Weapons
   216 | D:2      | Reached XP level 2. HP: 16/16 MP: 4/4
   384 | D:2      | 384 ||| UPGRADING to +0 scale mail.
   400 | D:2      | 400 ||| DROPPING +0 leather armour.
   417 | D:2      | 417 ||| DROPPING amulet of magic regeneration.
   418 | D:2      | 418 ||| READING scroll labelled ROLAUD KEAM.
   419 | D:2      | 419 ||| READING 2 scrolls labelled SUIRUTR ROZXACS.
   420 | D:2      | 420 ||| DRINKING 2 metallic ruby potions.
   452 | D:2      | 452 ||| DROPPING scroll of butterflies.
   453 | D:2      | 453 ||| DROPPING scroll of vulnerability.
   454 | D:2      | 454 ||| DROPPING potion of lignification.
   642 | D:1      | Reached XP level 3. HP: 6/20 MP: 5/5
   938 | D:1      | 938 ||| DROPPING +1 sling of freezing.
  1007 | D:1      | Reached skill level 7 in Ranged Weapons
  1017 | D:1      | 1017 ||| READING scroll labelled CUFOTZ IMATO.
  1022 | D:1      | 1022 ||| READING 2 scrolls labelled JEINYW XYTIXES.
  1023 | D:1      | 1023 ||| DROPPING scroll of fear.
  1321 | D:2      | 1321 ||| UPGRADING to +0 ring mail.
  1331 | D:2      | 1331 ||| DROPPING +0 scale mail.
  1332 | D:2      | 1332 ||| READING scroll labelled GUPESIO QIUHU.
  1501 | D:2      | 1501 ||| READING 2 scrolls of enchant armour.
  1501 | D:2      | 1501 ||| ENCHANTING +0 ring mail.
  1502 | D:2      | 1502 ||| READING scroll of enchant armour.
  1502 | D:2      | 1502 ||| ENCHANTING +1 ring mail.
  1821 | D:2      | 1821 ||| READING scroll labelled PIFATAT DIZIC.
  2040 | D:3      | Noticed Jessica
  2043 | D:3      | Killed Jessica
  2044 | D:3      | Reached XP level 4. HP: 17/25 MP: 6/6
  2106 | D:3      | Reached skill level 8 in Ranged Weapons
  2111 | D:3      | Reached XP level 5. HP: 29/29 MP: 7/7
  2128 | D:3      | HP: 5/29 [orc priest/divine providence (14)]
  2128 | D:3      | HP: 2/29 [orc priest/+0 war axe (3)]
  2129 | D:3      | Mangled by an orc priest

Levels and vault maps discovered:
D:1:      eino_arrival_water_star, layout_loops_ring
D:2:      layout_basic, serial_co_window_serial, co_window_cross_1,
          co_window_corner_a, co_window_of_opportunity_a, co_window_paths_b,
          co_window_corner_a, co_window_paths_b, co_window_broadway_c,
          co_window_broadway_b, co_window_of_opportunity_b, co_window_paths_c,
          co_window_2corner, co_window_4corner_a, glass_columns_b,
          glass_columns_a, glass_columns_a, glass_columns_b
D:3:      layout_basic, kennysheep_generic_room_13, uniq_jessica, uniq_ijyb

Skill      XL: |  1  2  3  4 |
---------------+-------------+-----
Ranged Weapons | 6 7 8 |  8.5
Fighting       | |  1.5
Dodging        | |  2.4
Stealth        | |  1.2

Action                     |  1- 3 |  4- 6 || total
---------------------------+-------+-------++-------
   Fire: Shortbow          |   138 |    25 ||   163
    Use: Scroll            |     8 |       ||     8
         Potion            |     1 |       ||     1
 Armour: Leather armour    |     3 |       ||     3
         Scale mail        |    17 |       ||    17
         Ring mail         |     2 |     3 ||     5
  Dodge: Dodged            |    24 |     2 ||    26

Table legend:
 A = Non-vault XP
 B = Vault XP
 C = Vault XP percentage of total XP
 D = Non-vault monster count
 E = Vault monster count
 F = Vault count percentage of total count
                 A         B        C        D         E       F
            +---------+---------+-------+---------+---------+-------
      Total |     173 |      37 |  17.6 |      47 |       1 |   2.1
            +---------+---------+-------+---------+---------+-------
        D:1 |      37 |       0 |   0.0 |      22 |       0 |   0.0
        D:2 |      33 |       0 |   0.0 |      16 |       0 |   0.0
        D:3 |     103 |      37 |  26.4 |       9 |       1 |  10.0
            +---------+---------+-------+---------+---------+-------
